 Dungeon Crawl Stone Soup version 0.30-a0-141-g30f27751c5 (webtiles) character file.

Game seed: 11764360814623083617

37586 qw the Cleaver (level 13, -4/84 HPs)
             Began as a Gargoyle Fighter on Sept 25, 2022.
             Was a High Priest of Okawaru.
             Splashed by a goliath frog's acid (11 damage)
             ... on level 5 of the Lair of Beasts.
             The game lasted 00:06:03 (13530 turns).

qw the Cleaver (Gargoyle Fighter)                  Turns: 13530, Time: 00:06:03

Health: -4/84      AC: 41    Str: 27    XL:     13   Next: 97%
Magic:  19/20      EV:  9    Int:  9    God:    Okawaru [*****.]
Gold:   1057       SH: 11    Dex:  9    Spells: 12/12 levels left

rFire   + + .      SeeInvis .    y - +6 broad axe "Qeceiba" {freeze, Fly rF+}
rCold   + + .      Faith    .    c - +0 buckler
rNeg    + + .      Spirit   .    l - +2 plate armour {Will+}
rPois   inf        Reflect  +    (no helmet)
rElec   +          Harm     .    o - scarf {rC+ rF+}
rCorr   .          Rampage  .    t - +2 pair of gloves
Will    +....                    z - +3 pair of boots "Vautarro" {rPois rF- rN+ Str+2}
Stlth   ..........               x - amulet of reflection
HPRegen 1.04/turn                s - ring of protection from cold
MPRegen 0.17/turn                k - ring "Wuach" {rF+ AC+4 Slay+2}

@: heroic, flying
A: sickness immunity, AC +9, negative energy resistance 1, electricity
resistance, torment resistance 1, petrification resistance, hooves 1,
regeneration 1, subdued magic 1
a: Renounce Religion, Heroism, Finesse, Duel


You were on level 5 of the Lair of Beasts.
You worshipped Okawaru.
Okawaru was extremely pleased with you.
You visited 3 branches of the dungeon, and saw 16 of its levels.

You collected 1143 gold pieces.
You spent 86 gold pieces at shops.


Innate Abilities, Weirdness & Mutations

You are immune to sickness and miasma.
Your stone body is resilient. (AC +9)
You are immune to poison.
You resist negative energy. (rN+)
You are resistant to electric shocks. (rElec)
You are resistant to unholy torment.
You are immune to petrification.
You have large cloven feet.
Your natural rate of healing is unusually fast.
Your spells are a little easier to cast, but a little less powerful.


   Skills:
 - Level 11.0(16.0) Fighting
 + Level 14.6(19.6) Axes
 - Level 4.2(9.2) Throwing
 - Level 10.4(15.4) Armour
 - Level 2.0(7.0) Dodging
 - Level 7.1(12.1) Shields
 - Level 10.0 Invocations


You had 12 spell levels left.
You didn't know any spells.
Your spell library was empty.

Inventory:

Hand Weapons
 q - a +0 hand axe of flaming
 y - the +6 broad axe "Qeceiba" (weapon) {freeze, Fly rF+}
   (Okawaru gifted it to you on level 2 of the Lair of Beasts)

   It freezes those it strikes, dealing additional cold damage.
   It can also slow down cold-blooded creatures.
   rF:        It protects you from fire.
   Fly:       It grants you flight.
Missiles
 r - 7 boomerangs (quivered)
Armour
 c - a +0 buckler (worn)
 f - a +1 pair of boots
 l - a +2 plate armour of willpower (worn)
 o - a scarf of resistance (worn)
 t - a +2 pair of gloves (worn)
 w - a +0 cloak
 z - the +3 pair of boots "Vautarro" (worn) {rPois rF- rN+ Str+2}
   (You found it on level 1 of the Lair of Beasts)

   Str:       It affects your strength (+2).
   rF:        It makes you vulnerable to fire.
   rPois:     It protects you from poison.
   rN:        It protects you from negative energy.
Jewellery
 b - a ring of resist corrosion
 h - a ring of positive energy
 k - the ring "Wuach" (right hand) {rF+ AC+4 Slay+2}
   (You found it on level 3 of the Dungeon)

   [ring of protection]

   AC:        It affects your AC (+4).
   Slay:      It affects your accuracy & damage with ranged weapons and melee
   (+2).
   rF:        It protects you from fire.
 s - a ring of protection from cold (left hand)
 x - an amulet of reflection (around neck)
 A - the ring of Tirix {Fire rElec MP+9 Str+4 Dex-5}
   (You found it on level 3 of the Lair of Beasts)

   [ring of fire]

   It enhances your fire magic.
   Str:       It affects your strength (+4).
   Dex:       It affects your dexterity (-5).
   rF:        It protects you from fire.
   rC:        It makes you vulnerable to cold.
   rElec:     It insulates you from electricity.
   MP:        It affects your magic capacity (+9).
 B - a ring of protection from fire
Scrolls
 a - 7 scrolls of identify
 g - 4 scrolls of teleportation
Potions
 d - 3 potions of might
 e - 2 potions of attraction
 i - 3 potions of heal wounds
 j - 2 potions of resistance
 m - a potion of mutation
 n - a potion of haste
 u - a potion of magic
 v - a potion of lignification
 C - 2 potions of curing

Dungeon Overview and Level Annotations

Branches:
Dungeon (10/15)            Temple (1/1) D:5            Lair (5/5) D:10
  Swamp (0/4) Lair:2        Snake (0/4) Lair:2        Slime (0/5) Lair:4
    Orc (0/2) D:9

Altars:
Ashenzari
Cheibriados
Dithmenos
Elyvilon
Fedhas
Gozag
Hepliaklqana
Kikubaaqudgha
Makhleb
Nemelex Xobeh
Okawaru
Qazlal
Ru
Sif Muna
Trog
Uskayaw
Vehumet
Wu Jian
Xom
Yredelemnul
Zin
The Shining One
Jiyva

Shops:
D:4 *

Annotations:
D:5 2 transporters
Lair:4 1 runed translucent door


Message History

You miss the tyrant leech. You slash the komodo dragon!
The komodo dragon seems to slow down.
You freeze the komodo dragon. You block the goliath frog's attack.
The tyrant leech closely misses you. The cane toad stings you!
The komodo dragon bites you!
You miss the bullfrog.
The bullfrog is almost dead.
You slash the tyrant leech! You freeze the tyrant leech!
You hit the komodo dragon but do no damage.
You slice the cane toad!! You freeze the cane toad!
The goliath frog closely misses you.
The bullfrog hits you but does no damage.
The cane toad barely misses you. The tyrant leech bites you!
You slash the cane toad! You freeze the cane toad.
You kill the cane toad!
Okawaru accepts your kill. Okawaru grants you throwing weapons!
Something appears at your feet!
You hear a splash.
You hit the bullfrog. You freeze the bullfrog.
You kill the bullfrog!
Okawaru accepts your kill.
You barely miss the tyrant leech. You slice the komodo dragon!!
You freeze the komodo dragon!
You kill the komodo dragon!
Okawaru accepts your kill.
You barely miss the blink frog.
The goliath frog hits you but does no damage.
The blink frog hits you!
The blink frog blinks!
You barely miss the tyrant leech.
The tyrant leech is moderately wounded.
The goliath frog hits you but does no damage.
The tyrant leech bites you but does no damage.
You slice the tyrant leech!! You freeze the tyrant leech.
The tyrant leech is severely wounded.
The goliath frog hits you but does no damage.
You slash the tyrant leech! You freeze the tyrant leech.
The tyrant leech is almost dead.
You slash the blink frog! You freeze the blink frog.
You block the tyrant leech's attack. The goliath frog hits you from afar!
You are splashed with acid!
You die...

#........# ###
#.:......# .#..###
#........## ..P...#
#.........# ...P.##
#P........### ....#.#
#.......#.#.##~....#.
#......##.##...~.~P.~
#....%.P##..%.%.~~~~~
##.....P..##~~@F~~~~~~
###.........##.%w~~~~~~~
#.##.......###.~~~F~~~P~
..##........#.P~~~~~~~~~
............#.~~P~PP~~~~
............#.~~~~~~~~.~
...........##.~~~~~~~~~~
...........#..~~P~~~~~~~
..........)#


You could see a tyrant leech, a goliath frog and a blink frog.

Vanquished Creatures
  5 hydras
  A catoblepas (Lair:3)
  A boulder beetle (Lair:2)
  2 two-headed ogres
  A death yak (Lair:3)
  5 skeletal warriors
  A fire crab (shapeshifter) (D:10)
  2 bog bodies (Lair:2)
  A deep elf pyromancer (D:10)
  A manticore (D:10)
  A cyclops (D:10)
  2 black mambas
  A torpor snail (Lair:3)
  4 cane toads (Lair:5)
  A rime drake (Lair:1)
  8 komodo dragons
  4 kobold demonologists (D:10)
  A tengu conjurer (D:9)
  A polar bear (Lair:3)
  2 trolls
  Prince Ribbit (D:6)
  A hornet (D:9)
  16 blink frogs
  A shadow (D:9)
  38 yaks
  A vampire (D:9)
  Eustachio (D:5)
  2 wraiths
  4 vampire mosquitoes
  A steam dragon (D:7)
  2 swamp worms (Lair:2)
  12 wargs (D:10)
  6 water moccasins
  6 nagas (Lair:2)
  A hell hound (D:10)
  2 sky beasts
  4 black bears
  11 orc warriors
  An ice beast (D:7)
  9 wolves
  3 ogres
  A phantom (D:5)
  3 centaurs
  9 bullfrogs
  5 kobold brigands (D:10)
  5 gnoll sergeants
  A necrophage (D:7)
  12 wights
  8 howler monkeys
  5 electric eels
  A lava snake (D:10)
  2 quasits (D:6)
  2 hounds
  13 orc priests
  6 gnoll boudas
  An iguana (D:5)
  18 orc wizards
  15 gnolls
  14 adders
  5 shadow imps
  4 white imps
  An ufetubus (D:6)
  3 worms (D:2)
  A dart slug (D:3)
  41 orcs
  12 ball pythons
  5 bats
  7 endoplasms
  6 giant cockroaches
  5 hobgoblins
  4 jackals (D:1)
  3 kobolds
  A quokka (D:4)
  4 frilled lizards
  A goblin (D:2)
  6 rats
398 creatures vanquished.

Vanquished Creatures (others)
  A demonic plant (D:6)
  16 fungi
  27 plants
44 creatures vanquished.

Grand Total: 442 creatures vanquished

Notes
Turn   | Place    | Note
-------+----------+-------------------------------------------
     0 | D:1      | qw the Gargoyle Fighter began the quest for the Orb.
     0 | D:1      | Reached XP level 1. HP: 14/14 MP: 1/1
     0 | D:1      | 0 ||| qw: Version: 0.2-a-10-g399e6c4
     0 | D:1      | 0 ||| qw: Game counter: 276
     0 | D:1      | 0 ||| qw: Always use a shield: true
     0 | D:1      | 0 ||| qw: God list: Okawaru
     0 | D:1      | 0 ||| qw: Allow faded altars: false
     0 | D:1      | 0 ||| qw: Do Orc after D:15 true
     0 | D:1      | 0 ||| qw: Do second Lair branch before Depths: true
     0 | D:1      | 0 ||| qw: Lair rune preference: random
     0 | D:1      | 0 ||| qw: Plans: Normal, Zot:1-4, God:TSO, Crypt, Tomb,
                  | Pan, Slime:5, Hells, Abyss, Orb
     0 | D:1      | 0 ||| PLANNING D:1-11
    31 | D:1      | Reached skill level 2 in Axes
    44 | D:1      | 44 ||| Stepping ~*~*~tactically~*~*~ (stealth).
    46 | D:1      | 46 ||| Stepping ~*~*~tactically~*~*~ (stealth).
    55 | D:1      | Reached XP level 2. HP: 19/19 MP: 2/2
   268 | D:1      | Found a faded altar of an unknown god.
   273 | D:1      | Reached skill level 3 in Axes
   330 | D:1      | Reached XP level 3. HP: 23/23 MP: 3/3
   491 | D:1      | 491 ||| UPGRADING to ring of resist corrosion.
   492 | D:1      | 492 ||| READING scroll labelled IBURAI HIEM.
   496 | D:1      | 496 ||| READING scroll labelled KYIKIT VIOFFET.
   762 | D:2      | Reached XP level 4. HP: 25/28 MP: 4/4
   874 | D:2      | Reached skill level 4 in Axes
  1099 | D:2      | 1099 ||| FLEEEEING.
  1228 | D:2      | Found a burning altar of Makhleb.
  1316 | D:2      | 1316 ||| READING scroll labelled OTYFAEXO GOZXA.
  1317 | D:2      | 1317 ||| READING scroll labelled ENNO BALLUG.
  1318 | D:2      | 1318 ||| READING scroll labelled IGAR TOZYINATUEGO.
  1319 | D:2      | 1319 ||| READING scroll labelled WYQOSABAGO.
  1320 | D:2      | 1320 ||| DRINKING 2 blue potions.
  1421 | D:2      | 1421 ||| DROPPING potion of ambrosia.
  1558 | D:3      | 1558 ||| DROPPING +0 club.
  1697 | D:3      | Reached XP level 5. HP: 31/32 MP: 5/5
  1772 | D:3      | 1772 ||| Stepping ~*~*~tactically~*~*~ (stealth).
  1807 | D:3      | Identified the ring "Wuach" {rF+ AC+4 Slay+2}
  1921 | D:3      | 1921 ||| Stepping ~*~*~tactically~*~*~ (hiding).
  1941 | D:3      | 1941 ||| READING scroll of enchant weapon.
  1941 | D:3      | 1941 ||| ENCHANTING +1 war axe.
  2064 | D:3      | 2064 ||| UPGRADING to +0 plate armour.
  2074 | D:3      | 2074 ||| DROPPING +0 scale mail.
  2075 | D:3      | 2075 ||| UPGRADING to ring "Wuach" {rF+ AC+4 Slay+2}.
  2076 | D:3      | 2076 ||| READING scroll labelled TYHISO BAMIMA.
  2077 | D:3      | 2077 ||| READING scroll labelled YVUTYXTA KAUKK.
  2106 | D:4      | Noticed a black bear
  2116 | D:4      | Killed a black bear
  2117 | D:4      | Reached skill level 5 in Axes
  2117 | D:4      | Reached XP level 6. HP: 29/37 MP: 6/6
  2321 | D:4      | 2321 ||| DROPPING +0 mace.
  2416 | D:4      | 2416 ||| Stepping ~*~*~tactically~*~*~ (stealth).
  2418 | D:4      | 2418 ||| Stepping ~*~*~tactically~*~*~ (hiding).
  2420 | D:4      | 2420 ||| Stepping ~*~*~tactically~*~*~ (hiding).
  2421 | D:4      | 2421 ||| Stepping ~*~*~tactically~*~*~ (hiding).
  2488 | D:4      | Found Qareocle's Assorted Antiques.
  2501 | D:4      | 2501 ||| BUYING fizzy blue potion (20 gold).
  2501 | D:4      | Bought a fizzy blue potion for 20 gold pieces
  2501 | D:4      | 2501 ||| BUYING scroll labelled QANORCHIOVO (23 gold).
  2501 | D:4      | Bought a scroll labelled QANORCHIOVO for 23 gold pieces
  2501 | D:4      | 2501 ||| BUYING scroll labelled WOFRIGHUNKE (23 gold).
  2501 | D:4      | Bought a scroll labelled WOFRIGHUNKE for 23 gold pieces
  2501 | D:4      | 2501 ||| BUYING silvery potion (20 gold).
  2501 | D:4      | Bought a silvery potion for 20 gold pieces
  2634 | D:4      | 2634 ||| UPGRADING to ring of protection from cold.
  2636 | D:4      | 2636 ||| READING scroll labelled TUENGOITUA.
  2637 | D:4      | 2637 ||| READING scroll labelled QANORCHIOVO.
  2638 | D:4      | 2638 ||| READING scroll labelled WOFRIGHUNKE.
  2639 | D:4      | 2639 ||| DRINKING 2 silvery potions.
  2642 | D:5      | Entered Level 5 of the Dungeon
  2652 | D:5      | Reached skill level 6 in Axes
  2672 | D:5      | Noticed a black bear
  2674 | D:5      | Killed a black bear
  2675 | D:5      | Reached XP level 7. HP: 44/44 MP: 7/7
  2724 | D:5      | Noticed Eustachio
  2727 | D:5      | 2727 ||| Stepping ~*~*~tactically~*~*~ (hiding).
  2746 | D:5      | Killed Eustachio
  2747 | D:5      | Reached skill level 7 in Axes
  2983 | D:5      | Found a transporter.
  3039 | D:5      | 3039 ||| Stepping ~*~*~tactically~*~*~ (hiding).
  3228 | D:5      | Found a staircase to the Ecumenical Temple.
  3229 | D:5      | 3229 ||| PLANNING TEMPLE
  3233 | D:5      | Reached XP level 8. HP: 49/49 MP: 8/8
  3233 | D:5      | 3233 ||| DRINKING 2 metallic brown potions.
  3233 | D:5      | Gained mutation: You occasionally lose the ability to drink
                  | potions when taking damage. [potion of mutation]
  3234 | D:5      | 3234 ||| DRINKING potion of mutation.
  3234 | D:5      | Lost mutation: You occasionally lose the ability to drink
                  | potions when taking damage. [potion of mutation]
  3234 | D:5      | Gained mutation: Your natural rate of healing is unusually
                  | fast. [potion of mutation]
  3234 | D:5      | Gained mutation: Your spells are a little easier to cast,
                  | but a little less powerful. [potion of mutation]
  3234 | D:5      | Gained mutation: You have large cloven feet. [potion of
                  | mutation]
  3241 | Temple   | Entered the Ecumenical Temple
  3258 | Temple   | 3258 ||| PLANNING OKAWARU WORSHIP
  3387 | Temple   | Became a worshipper of Warmaster Okawaru
  3388 | Temple   | 3388 ||| PLANNING D:1-11
  3420 | D:5      | 3420 ||| Stepping ~*~*~tactically~*~*~ (hiding).
  3614 | D:5      | 3614 ||| Stepping ~*~*~tactically~*~*~ (hiding).
  3622 | D:5      | 3622 ||| Stepping ~*~*~tactically~*~*~ (stealth).
  3632 | D:5      | 3632 ||| Stepping ~*~*~tactically~*~*~ (hiding).
  3641 | D:5      | Reached skill level 1 in Dodging
  3641 | D:5      | 3641 ||| Stepping ~*~*~tactically~*~*~ (hiding).
  3725 | D:5      | Found a transporter.
  3726 | D:5      | 3726 ||| Stepping ~*~*~tactically~*~*~ (hiding).
  3837 | D:5      | 3837 ||| DROPPING +0 flail.
  4078 | D:5      | 4078 ||| READING scroll labelled VISYAD OMYIKKU.
  4132 | D:6      | Reached skill level 8 in Axes
  4312 | D:6      | Noticed Prince Ribbit
  4326 | D:6      | Killed Prince Ribbit
  4326 | D:6      | Reached * piety under Okawaru
  4327 | D:6      | Reached skill level 6 in Fighting
  4346 | D:6      | 4346 ||| Stepping ~*~*~tactically~*~*~ (hiding).
  4347 | D:6      | 4347 ||| Stepping ~*~*~tactically~*~*~ (hiding).
  4348 | D:6      | 4348 ||| Stepping ~*~*~tactically~*~*~ (hiding).
  4349 | D:6      | 4349 ||| Stepping ~*~*~tactically~*~*~ (hiding).
  4351 | D:6      | 4351 ||| Stepping ~*~*~tactically~*~*~ (hiding).
  4472 | D:6      | 4472 ||| INVOKING Heroism.
  4473 | D:6      | 4473 ||| INVOKING Heroism.
  4474 | D:6      | 4474 ||| INVOKING Heroism.
  4604 | D:6      | 4604 ||| Stepping ~*~*~tactically~*~*~ (hiding).
  4605 | D:6      | 4605 ||| Stepping ~*~*~tactically~*~*~ (hiding).
  4719 | D:6      | 4719 ||| Stepping ~*~*~tactically~*~*~ (stealth).
  4722 | D:6      | 4722 ||| Stepping ~*~*~tactically~*~*~ (hiding).
  4727 | D:6      | 4727 ||| Stepping ~*~*~tactically~*~*~ (hiding).
  4732 | D:6      | Reached skill level 1 in Invocations
  4864 | D:6      | 4864 ||| INVOKING Heroism.
  4871 | D:6      | Reached XP level 9. HP: 56/56 MP: 6/9
  5013 | D:6      | 5013 ||| Stepping ~*~*~tactically~*~*~ (stealth).
  5015 | D:6      | 5015 ||| Stepping ~*~*~tactically~*~*~ (stealth).
  5017 | D:6      | 5017 ||| Stepping ~*~*~tactically~*~*~ (hiding).
  5027 | D:6      | 5027 ||| INVOKING Heroism.
  5052 | D:6      | 5052 ||| INVOKING Heroism.
  5118 | D:6      | 5118 ||| UPGRADING to +0 pair of boots.
  5123 | D:6      | 5123 ||| READING scroll labelled COUCVOSHERYSS.
  5426 | D:7      | 5426 ||| Stepping ~*~*~tactically~*~*~ (stealth).
  5436 | D:7      | Reached skill level 1 in Throwing
  5457 | D:7      | Reached skill level 3 in Invocations
  5542 | D:7      | 5542 ||| INVOKING Heroism.
  5566 | D:7      | 5566 ||| READING scroll of enchant weapon.
  5566 | D:7      | 5566 ||| ENCHANTING +2 war axe.
  5700 | D:7      | Reached skill level 9 in Axes
  5737 | D:7      | 5737 ||| INVOKING Heroism.
  5924 | D:7      | 5924 ||| DRINKING 2 sapphire potions.
  5925 | D:7      | 5925 ||| DRINKING 2 bubbling emerald potions.
  5926 | D:7      | 5926 ||| DRINKING 2 fizzy blue potions.
  6135 | D:8      | Reached ** piety under Okawaru
  6171 | D:8      | 6171 ||| INVOKING Heroism.
  6618 | D:8      | Reached skill level 6 in Armour
  6959 | D:8      | 6959 ||| UPGRADING to +0 cloak.
  6964 | D:8      | 6964 ||| UPGRADING to amulet of reflection.
  6969 | D:8      | 6969 ||| DRINKING 2 clear potions.
  6970 | D:8      | 6970 ||| DROPPING potion of flight.
  6971 | D:8      | 6971 ||| DROPPING potion of berserk rage.
  7008 | D:9      | 7008 ||| INVOKING Heroism.
  7033 | D:9      | 7033 ||| INVOKING Heroism.
  7094 | D:9      | 7094 ||| Stepping ~*~*~tactically~*~*~ (hiding).
  7096 | D:9      | 7096 ||| Stepping ~*~*~tactically~*~*~ (hiding).
  7097 | D:9      | 7097 ||| Stepping ~*~*~tactically~*~*~ (hiding).
  7098 | D:9      | 7098 ||| Stepping ~*~*~tactically~*~*~ (hiding).
  7099 | D:9      | 7099 ||| Stepping ~*~*~tactically~*~*~ (hiding).
  7102 | D:9      | 7102 ||| Stepping ~*~*~tactically~*~*~ (hiding).
  7106 | D:9      | 7106 ||| INVOKING Heroism.
  7220 | D:9      | 7220 ||| FLEEEEING.
  7221 | D:9      | 7221 ||| FLEEEEING.
  7222 | D:9      | 7222 ||| FLEEEEING.
  7222 | D:9      | Noticed a two-headed ogre
  7223 | D:9      | 7223 ||| INVOKING Heroism.
  7235 | D:9      | Killed a two-headed ogre
  7236 | D:9      | Reached skill level 10 in Axes
  7236 | D:9      | Reached XP level 10. HP: 31/63 MP: 11/13
  7236 | D:9      | 7236 ||| FLEEEEING.
  7245 | D:9      | 7245 ||| INVOKING Heroism.
  7278 | D:9      | 7278 ||| INVOKING Heroism.
  7338 | D:9      | 7338 ||| READING scroll of enchant armour.
  7338 | D:9      | 7338 ||| ENCHANTING +0 pair of boots.
  7366 | D:9      | Reached *** piety under Okawaru
  7425 | D:9      | 7425 ||| INVOKING Heroism.
  7440 | D:9      | 7440 ||| Stepping randomly (disturbance).
  7452 | D:9      | 7452 ||| FLEEEEING.
  7453 | D:9      | 7453 ||| FLEEEEING.
  7454 | D:9      | 7454 ||| FLEEEEING.
  7455 | D:9      | 7455 ||| FLEEEEING.
  7590 | D:9      | Noticed a skeletal warrior
  7592 | D:9      | 7592 ||| Stepping ~*~*~tactically~*~*~ (hiding).
  7603 | D:9      | 7603 ||| DRINKING 2 potions of curing.
  7603 | D:9      | 7603 ||| (to cure confusion)
  7606 | D:9      | 7606 ||| INVOKING Heroism.
  7608 | D:9      | 7608 ||| DRINKING potion of curing.
  7608 | D:9      | 7608 ||| (to cure confusion)
  7629 | D:9      | Killed a skeletal warrior
  7630 | D:9      | Reached skill level 11 in Axes
  7872 | D:9      | 7872 ||| Stepping ~*~*~tactically~*~*~ (hiding).
  7874 | D:9      | 7874 ||| INVOKING Heroism.
  7957 | D:9      | 7957 ||| INVOKING Heroism.
  8016 | D:9      | 8016 ||| INVOKING Heroism.
  8022 | D:9      | Reached **** piety under Okawaru
  8027 | D:9      | Reached skill level 9 in Fighting
  8027 | D:9      | Reached XP level 11. HP: 71/71 MP: 12/14
  8041 | D:9      | Found a staircase to the Orcish Mines.
  8140 | D:9      | 8140 ||| UPGRADING to +2 plate armour of willpower.
  8150 | D:9      | 8150 ||| DROPPING +0 plate armour.
  8151 | D:9      | 8151 ||| UPGRADING to +0 pair of gloves.
  8158 | D:9      | 8158 ||| DRINKING 2 smoky orange potions.
  8159 | D:9      | 8159 ||| DRINKING 2 golden potions.
  8205 | D:9      | 8205 ||| READING 3 scrolls of identify.
  8205 | D:9      | 8205 ||| IDENTIFYING smoky emerald potion
  8206 | D:9      | 8206 ||| READING 2 scrolls of identify.
  8206 | D:9      | 8206 ||| IDENTIFYING orange potion
  8207 | D:9      | 8207 ||| DROPPING potion of brilliance.
  8208 | D:9      | 8208 ||| DROPPING potion of invisibility.
  8217 | D:10     | Entered Level 10 of the Dungeon
  8231 | D:10     | 8231 ||| FLEEEEING.
  8232 | D:10     | 8232 ||| STAIRDANCE
  8263 | D:10     | Noticed a skeletal warrior
  8264 | D:10     | 8264 ||| INVOKING Heroism.
  8267 | D:10     | Noticed a skeletal warrior
  8272 | D:10     | Killed a skeletal warrior
  8290 | D:10     | Killed a skeletal warrior
  8290 | D:10     | Received a gift from Okawaru
  8291 | D:10     | Reached skill level 3 in Throwing
  8295 | D:10     | Noticed a skeletal warrior
  8296 | D:10     | 8296 ||| Stepping ~*~*~tactically~*~*~ (hiding).
  8300 | D:10     | 8300 ||| INVOKING Heroism.
  8311 | D:10     | Noticed a skeletal warrior
  8316 | D:10     | Killed a skeletal warrior
  8317 | D:10     | Reached skill level 6 in Invocations
  8330 | D:10     | Killed a skeletal warrior
  8330 | D:10     | Received a gift from Okawaru
  8330 | D:10     | Reached ***** piety under Okawaru
  8362 | D:10     | Noticed a fire crab
  8367 | D:10     | 8367 ||| INVOKING Heroism.
  8380 | D:10     | Killed a fire crab
  8533 | D:10     | Found a stormy altar of Qazlal.
  8578 | D:10     | Found a glowing silver altar of Zin.
  8618 | D:10     | 8618 ||| INVOKING Heroism.
  8637 | D:10     | 8637 ||| Stepping ~*~*~tactically~*~*~ (stealth).
  8651 | D:10     | 8651 ||| Stepping ~*~*~tactically~*~*~ (hiding).
  8652 | D:10     | 8652 ||| Stepping ~*~*~tactically~*~*~ (hiding).
  8665 | D:10     | Found a staircase to the Lair.
  8686 | D:10     | 8686 ||| Stepping ~*~*~tactically~*~*~ (stealth).
  8692 | D:10     | 8692 ||| Stepping ~*~*~tactically~*~*~ (hiding).
  8693 | D:10     | 8693 ||| Stepping ~*~*~tactically~*~*~ (hiding).
  8882 | D:10     | 8882 ||| Stepping ~*~*~tactically~*~*~ (stealth).
  8887 | D:10     | 8887 ||| Stepping ~*~*~tactically~*~*~ (stealth).
  8891 | D:10     | 8891 ||| Stepping ~*~*~tactically~*~*~ (stealth).
  8892 | D:10     | 8892 ||| Stepping ~*~*~tactically~*~*~ (stealth).
  8936 | D:10     | Found a basalt altar of Yredelemnul.
  8938 | D:10     | Noticed a profane servitor
  8958 | D:10     | Found a glowing golden altar of the Shining One.
  8961 | D:10     | Noticed an angel
  9058 | D:10     | Noticed a deep elf pyromancer
  9058 | D:10     | Noticed a two-headed ogre
  9058 | D:10     | Noticed a cyclops
  9059 | D:10     | 9059 ||| INVOKING Heroism.
  9062 | D:10     | Noticed a sun demon
  9070 | D:10     | Killed a cyclops
  9072 | D:10     | Reached XP level 12. HP: 74/76 MP: 16/18
  9076 | D:10     | 9076 ||| INVOKING Heroism.
  9083 | D:10     | 9083 ||| DRINKING potion of cancellation.
  9086 | D:10     | Killed a two-headed ogre
  9087 | D:10     | Reached skill level 12 in Axes
  9087 | D:10     | Reached skill level 9 in Invocations
  9087 | D:10     | Identified the +4 broad axe "Atinit" {freeze, rPois rF-
                  | Int+7} (Okawaru gifted it to you on level 10 of the
                  | Dungeon)
  9087 | D:10     | Received a gift from Okawaru
  9165 | D:10     | 9165 ||| SWAPPING to +4 broad axe "Atinit" {freeze, rPois
                  | rF- Int+7}.
  9198 | D:10     | 9198 ||| INVOKING Heroism.
  9293 | D:10     | 9293 ||| Stepping ~*~*~tactically~*~*~ (water).
  9309 | D:10     | 9309 ||| INVOKING Heroism.
  9317 | D:10     | Reached skill level 9 in Armour
  9561 | D:10     | 9561 ||| Stepping ~*~*~tactically~*~*~ (hiding).
  9564 | D:10     | 9564 ||| Stepping ~*~*~tactically~*~*~ (stealth).
  9632 | D:10     | 9632 ||| INVOKING Heroism.
  9667 | D:10     | 9667 ||| Stepping ~*~*~tactically~*~*~ (stealth).
  9677 | D:10     | 9677 ||| Stepping ~*~*~tactically~*~*~ (stealth).
  9695 | D:10     | Reached skill level 6 in Shields
  9739 | D:10     | 9739 ||| READING scroll of enchant armour.
  9739 | D:10     | 9739 ||| ENCHANTING +0 pair of gloves.
  9869 | D:10     | 9869 ||| PLANNING LAIR
  9869 | D:10     | 9869 ||| READING scroll labelled SISUNO BUDAE.
  9870 | D:10     | 9870 ||| READING 2 scrolls of identify.
  9870 | D:10     | 9870 ||| IDENTIFYING fizzy green potion
  9907 | Lair:1   | Entered Level 1 of the Lair of Beasts
  9913 | Lair:1   | 9913 ||| INVOKING Heroism.
  9944 | Lair:1   | Identified the +0 trident of the Pure Friars {vorpal, rC+
                  | Str+2 Dex+2}
 10056 | Lair:1   | 10056 ||| INVOKING Heroism.
 10096 | Lair:1   | 10096 ||| READING scroll of enchant armour.
 10096 | Lair:1   | 10096 ||| ENCHANTING +1 pair of gloves.
 10101 | Lair:1   | Identified the +3 pair of boots "Vautarro" {rPois rF- rN+
                  | Str+2}
 10392 | Lair:1   | 10392 ||| Stepping ~*~*~tactically~*~*~ (hiding).
 10530 | Lair:1   | 10530 ||| Stepping ~*~*~tactically~*~*~ (stealth).
 10541 | Lair:1   | 10541 ||| Stepping ~*~*~tactically~*~*~ (stealth).
 10543 | Lair:1   | 10543 ||| Stepping ~*~*~tactically~*~*~ (stealth).
 10547 | Lair:1   | 10547 ||| INVOKING Heroism.
 10696 | Lair:1   | 10696 ||| UPGRADING to +3 pair of boots "Vautarro" {rPois
                  | rF- rN+ Str+2}.
 10873 | Lair:2   | Noticed a seven-headed hydra
 10874 | Lair:2   | 10874 ||| INVOKING Heroism.
 10875 | Lair:2   | 10875 ||| INVOKING Finesse.
 10876 | Lair:2   | 10876 ||| SWAPPING to +0 hand axe of flaming.
 10887 | Lair:2   | Killed a one-headed hydra
 10888 | Lair:2   | 10888 ||| SWAPPING to +4 broad axe "Atinit" {freeze, rPois
                  | rF- Int+7}.
 10939 | Lair:2   | 10939 ||| INVOKING Heroism.
 10949 | Lair:2   | Identified the +6 broad axe "Qeceiba" {freeze, Fly rF+}
                  | (Okawaru gifted it to you on level 2 of the Lair of Beasts)
 10949 | Lair:2   | Received a gift from Okawaru
 10954 | Lair:2   | Reached skill level 13 in Axes
 10965 | Lair:2   | 10965 ||| SWAPPING to +6 broad axe "Qeceiba" {freeze, Fly
                  | rF+}.
 10966 | Lair:2   | 10966 ||| DROPPING +3 war axe.
 10967 | Lair:2   | 10967 ||| DROPPING +4 broad axe "Atinit" {freeze, rPois rF-
                  | Int+7}.
 11003 | Lair:2   | 11003 ||| INVOKING Heroism.
 11004 | Lair:2   | Noticed an eight-headed hydra
 11005 | Lair:2   | 11005 ||| Stepping ~*~*~tactically~*~*~ (stealth).
 11006 | Lair:2   | 11006 ||| INVOKING Finesse.
 11011 | Lair:2   | 11011 ||| SWAPPING to +0 hand axe of flaming.
 11025 | Lair:2   | Killed a one-headed hydra
 11026 | Lair:2   | Reached XP level 13. HP: 63/82 MP: 13/20
 11026 | Lair:2   | 11026 ||| SWAPPING to +6 broad axe "Qeceiba" {freeze, Fly
                  | rF+}.
 11088 | Lair:2   | 11088 ||| INVOKING Heroism.
 11089 | Lair:2   | 11089 ||| SWAPPING to +0 hand axe of flaming.
 11094 | Lair:2   | 11094 ||| SWAPPING to +6 broad axe "Qeceiba" {freeze, Fly
                  | rF+}.
 11136 | Lair:2   | 11136 ||| INVOKING Heroism.
 11137 | Lair:2   | 11137 ||| INVOKING Finesse.
 11206 | Lair:2   | 11206 ||| INVOKING Heroism.
 11223 | Lair:2   | 11223 ||| Stepping ~*~*~tactically~*~*~ (hiding).
 11244 | Lair:2   | Found a staircase to the Swamp.
 11315 | Lair:2   | 11315 ||| INVOKING Heroism.
 11316 | Lair:2   | Found a staircase to the Snake Pit.
 11489 | Lair:2   | 11489 ||| INVOKING Heroism.
 11723 | Lair:3   | 11723 ||| INVOKING Heroism.
 11728 | Lair:3   | 11728 ||| Stepping ~*~*~tactically~*~*~ (stealth).
 11806 | Lair:3   | Identified the ring of Tirix {Fire rElec MP+9 Str+4 Dex-5}
 11810 | Lair:3   | 11810 ||| INVOKING Heroism.
 11812 | Lair:3   | 11812 ||| INVOKING Finesse.
 11818 | Lair:3   | 11818 ||| Stepping ~*~*~tactically~*~*~ (stealth).
 11830 | Lair:3   | Received a gift from Okawaru
 11834 | Lair:3   | 11834 ||| Stepping ~*~*~tactically~*~*~ (stealth).
 11835 | Lair:3   | 11835 ||| Stepping ~*~*~tactically~*~*~ (stealth).
 11837 | Lair:3   | Reached skill level 14 in Axes
 11864 | Lair:3   | 11864 ||| DROPPING +1 broad axe of freezing.
 11877 | Lair:3   | 11877 ||| Stepping ~*~*~tactically~*~*~ (stealth).
 11878 | Lair:3   | 11878 ||| INVOKING Heroism.
 11884 | Lair:3   | 11884 ||| Stepping ~*~*~tactically~*~*~ (stealth).
 11886 | Lair:3   | 11886 ||| Stepping ~*~*~tactically~*~*~ (stealth).
 11979 | Lair:3   | 11979 ||| INVOKING Heroism.
 12029 | Lair:3   | You are sucked into a shaft and drop 2 floors!
 12029 | Lair:5   | Entered Level 5 of the Lair of Beasts
 12030 | Lair:5   | 12030 ||| DROPPING ring of flight.
 12119 | Lair:3   | 12119 ||| Stepping ~*~*~tactically~*~*~ (stealth).
 12123 | Lair:3   | 12123 ||| INVOKING Heroism.
 12440 | Lair:3   | 12440 ||| INVOKING Heroism.
 12441 | Lair:3   | 12441 ||| INVOKING Finesse.
 12707 | Lair:3   | 12707 ||| READING 5 scrolls of identify.
 12707 | Lair:3   | 12707 ||| IDENTIFYING emerald potion
 12708 | Lair:3   | 12708 ||| DROPPING potion of degeneration.
 12735 | Lair:4   | 12735 ||| INVOKING Heroism.
 12736 | Lair:4   | 12736 ||| STAIRDANCE
 12749 | Lair:4   | 12749 ||| SWAPPING to +0 hand axe of flaming.
 12759 | Lair:4   | 12759 ||| SWAPPING to +6 broad axe "Qeceiba" {freeze, Fly
                  | rF+}.
 12809 | Lair:4   | 12809 ||| INVOKING Heroism.
 12846 | Lair:4   | 12846 ||| INVOKING Heroism.
 12934 | Lair:4   | 12934 ||| INVOKING Heroism.
 13133 | Lair:4   | 13133 ||| INVOKING Heroism.
 13134 | Lair:4   | 13134 ||| INVOKING Finesse.
 13136 | Lair:4   | 13136 ||| SWAPPING to +0 hand axe of flaming.
 13149 | Lair:4   | 13149 ||| SWAPPING to +6 broad axe "Qeceiba" {freeze, Fly
                  | rF+}.
 13216 | Lair:4   | Found a runed translucent door.
 13216 | Lair:4   | Found a viscous altar of Jiyva.
 13218 | Lair:4   | Found a staircase to the Slime Pits.
 13432 | Lair:4   | 13432 ||| UPGRADING to scarf of resistance.
 13442 | Lair:4   | 13442 ||| READING scroll labelled BEPAUQU SIETATT.
 13484 | Lair:5   | 13484 ||| INVOKING Heroism.
 13521 | Lair:5   | 13521 ||| INVOKING Heroism.
 13527 | Lair:5   | Received a gift from Okawaru
 13530 | Lair:5   | HP: 7/84 [goliath frog (17)]
 13530 | Lair:5   | Splashed by a goliath frog's acid

Levels and vault maps discovered:
D:1:      spicycebolla_green_bress_n_ham_2, layout_rooms,
          hellmonk_ecumenical_altar_slurped_away
D:2:      layout_basic, basic_altar
D:3:      layout_loops_cross
D:4:      layout_basic, serial_shops, shop, minmay_misc_feat_columns
D:5:      gammafunk_cloud_chamber, layout_basic, minmay_temple_entry_hall,
          uniq_eustachio
D:6:      layout_gridville, serial_demonic, serial_demonic_f, serial_demonic_c,
          serial_demonic_e, serial_demonic_f, uniq_prince_ribbit1
D:7:      layout_basic
D:8:      layout_layer_cave
D:9:      minmay_chambers_of_sixes, layout_irregular_city, erik_orc_2,
          serial_glass, glass_columns_a, glass_columns_c, minmay_starry_boxes
D:10:     lemuel_castle_with_subvaults [lemuel_castle_interior_original],
          layout_stronghold, grunt_temple_overflow_holy_war,
          mainiacjoe_overflow_large_starburst, erik_lair_orcish_takeover,
          minivault_1, kennysheep_diamond, minmay_misc_feat_five
Temple:   regret_index_temple_chain_breaker
Lair:1:   layout_long_grid, grunt_megastairs_5
Lair:2:   layout_gridlike, nicolae_swamp_entry_splash_gauntlet,
          minmay_snake_entry_guardpost_large, nicolae_quartered_pool_medium
Lair:3:   layout_small_grid, infiniplex_staircase_pool, grunt_megastairs_2
Lair:4:   layout_gridlike, slime_entry_2, cheibrodos_lair_reptile_den
Lair:5:   minmay_lair_end_frog_pond, layout_hall_layers

Skill      XL: |  1  2  3  4  5  6  7  8  9 10 11 12 13 |
---------------+----------------------------------------+-----
Axes           | 2 3 4 5 6 7 8 10 11 13 14 | 14.6
Fighting       | 4 5 6 7 9 10 11 | 11.0
Armour         | 4 6 7 8 9 10 | 10.4
Dodging        | 1 2 |  2.0
Invocations    | 1 4 8 10 | 10.0
Throwing       | 1 3 4 |  4.2
Shields        | 4 5 6 7 |  7.1

Action                   |  1- 3 |  4- 6 |  7- 9 | 10-12 | 13-15 || total
-------------------------+-------+-------+-------+-------+-------++-------
Melee: War axe           |    79 |   143 |   250 |   344 |       ||   816
       Kick              |       |       |    24 |       |       ||    24
       Broad axe         |       |       |       |   152 |   183 ||   335
       Hand axe          |       |       |       |    22 |    23 ||    45
Throw: Boomerang         |       |       |     9 |    33 |    24 ||    66
       Javelin           |       |       |       |    46 |    24 ||    70
Invok: Heroism           |       |       |    11 |    22 |    18 ||    51
       Finesse           |       |       |       |     2 |     4 ||     6
  Use: Scroll            |     2 |    10 |     3 |     7 |     2 ||    24
       Potion            |       |     2 |     6 |     5 |       ||    13
Armor: Scale mail        |    44 |    42 |       |       |       ||    86
       Plate armour      |       |    41 |   171 |   305 |    80 ||   597
Dodge: Dodged            |    35 |    49 |    67 |   117 |    44 ||   312
Block: Buckler           |    22 |    18 |    49 |   228 |    70 ||   387
       Reflection        |       |       |     4 |    11 |     3 ||    18

Table legend:
 A = Non-vault XP
 B = Vault XP
 C = Vault XP percentage of total XP
 D = Non-vault monster count
 E = Vault monster count
 F = Vault count percentage of total count
                 A         B        C        D         E       F
            +---------+---------+-------+---------+---------+-------
      Total |   32616 |   21079 |  39.3 |     270 |     128 |  32.2
            +---------+---------+-------+---------+---------+-------
        D:1 |      35 |       2 |   5.4 |      20 |       1 |   4.8
        D:2 |     108 |       0 |   0.0 |      19 |       0 |   0.0
        D:3 |      64 |       0 |   0.0 |      19 |       0 |   0.0
        D:4 |     308 |       0 |   0.0 |      16 |       0 |   0.0
        D:5 |     877 |     202 |  18.7 |      27 |       1 |   3.6
        D:6 |     592 |     419 |  41.4 |      21 |       8 |  27.6
        D:7 |    1139 |       0 |   0.0 |      16 |       0 |   0.0
        D:8 |     645 |       0 |   0.0 |      11 |       0 |   0.0
        D:9 |    1194 |    3964 |  76.9 |      20 |      29 |  59.2
       D:10 |    6307 |    9090 |  59.0 |      24 |      63 |  72.4
     Lair:1 |    3544 |     147 |   4.0 |      19 |       1 |   5.0
     Lair:2 |    7616 |    2702 |  26.2 |      23 |      11 |  32.4
     Lair:3 |    6322 |     931 |  12.8 |      23 |       3 |  11.5
     Lair:4 |    2642 |     769 |  22.5 |       6 |       2 |  25.0
     Lair:5 |    1223 |    2853 |  70.0 |       6 |       9 |  60.0
            +---------+---------+-------+---------+---------+-------
